Map: Jagannatha LE

Players

PattyMac

  • Race: Protoss Protoss
  • Spawn Location: 7:00

Epic - Winner!

  • Race: Terran Terran
  • League: Grandmaster
  • Spawn Location: 1:00

Event: DreamHack SC2 Masters 2020 Winter

VOD

Have the link to the VOD?

Description

Time

  • Played on: Oct. 15, 2020, 7:40 p.m.
  • Length: 10:53

All games in this series

Show
View Real Time Build Order
Export as new Build Order

PattyMac Protoss 

Build Orders: 1 Gate Expand 

Get SALT Encoding   

  12  0:00  Probe  
  13  0:12  Probe  
  14  0:17  Pylon  
  14  0:24  Probe (Chrono Boost)  
  15  0:36  Probe (Chrono Boost)  
  15  0:38  Gateway  
  16  0:44  Probe (Chrono Boost)  
  16  0:46  Assimilator  
  17  0:51  Probe  
  18  1:03  Probe  
  19  1:15  Probe  
  20  1:24  Nexus  
  20  1:32  Cybernetics Core  
  20  1:36  Probe  
  21  1:42  Assimilator  
  21  1:48  Probe  
  21  1:51  Pylon  
  22  2:00  Probe  
  23  2:06  Stalker (Chrono Boost)  
  23  2:09  Warp Gate  
  23  2:12  Probe  
  26  2:24  Robotics Facility  
  26  2:25  Probe (Chrono Boost)  
  27  2:32  Stalker  
  27  2:36  Probe (Chrono Boost)  
  30  2:38  Probe (Chrono Boost)  
  31  2:46  Probe x2 (Chrono Boost)  
  33  2:51  Probe (Chrono Boost)  
  33  2:53  Probe  
  33  2:55  Shield Battery  
  35  3:03  Probe  
  35  3:05  Probe  
  37  3:08  Gateway  
  37  3:10  Sentry  
  37  3:11  Observer (Chrono Boost)  
  40  3:16  Gateway  
  40  3:20  Probe  
  40  3:22  Probe  
  40  3:24  Observer (Chrono Boost)  
  40  3:25  Pylon  
  43  3:32  Probe  
  44  3:34  Probe  
  45  3:44  Pylon, Probe  
  45  3:46  Observer, Probe  
  47  3:57  Probe  
  47  3:58  Stalker, Probe  
  47  4:02  Observer  
  51  4:03  Stalker  
  51  4:09  Probe  
  54  4:10  Observer (Chrono Boost), Probe  
  54  4:15  Nexus  
  56  4:17  Twilight Council  
  56  4:21  Probe  
  56  4:23  Probe  
  58  4:29  Stalker x2  
  62  4:41  Probe (Chrono Boost)  
  47  4:46  Probe (Chrono Boost)  
  47  4:50  Phoenix  
  47  4:51  Probe (Chrono Boost)  
  48  4:55  Probe (Chrono Boost)  
  48  4:56  Probe (Chrono Boost)  
  45  5:00  Charge (Chrono Boost)  
  45  5:05  Probe (Chrono Boost)  
  46  5:12  Probe (Chrono Boost)  
  47  5:17  Probe (Chrono Boost)  
  49  5:22  Probe (Chrono Boost)  
  49  5:25  Probe (Chrono Boost)  
  49  5:27  Gateway x2  
  51  5:30  Probe x2 (Chrono Boost)  
  51  5:31  Pylon  
  51  5:32  Gateway  
  53  5:37  Probe (Chrono Boost)  
  53  5:38  Gateway, Probe x2 (Chrono Boost)  
  55  5:44  Probe  
  55  5:47  Probe  
  57  5:50  Probe  
  57  5:51  Observer  
  57  5:56  Probe  
  58  5:59  Probe  
  58  6:02  Zealot, Probe, Sentry x2  
  66  6:04  Forge  
  66  6:08  Probe  
  66  6:11  Probe  
  68  6:13  Observer  
  68  6:14  Probe  
  68  6:17  Pylon  
  69  6:19  Observer (Chrono Boost)  
  67  6:26  Observer  
  67  6:28  Probe x2  
  67  6:29  Probe  
  67  6:30  Zealot x3  
  76  6:38  Warp Prism (Chrono Boost)  
  78  6:40  Protoss Ground Armor Level 1 (Chrono Boost)  
  78  6:49  Probe x2  
  78  6:50  Stalker  
  78  6:52  Stalker  
  84  6:57  Photon Cannon  
  84  7:02  Observer  
  84  7:07  Probe  
  84  7:08  Probe x2  
  80  7:14  Stalker  
  82  7:18  Observer  
  82  7:19  Probe  
  82  7:20  Zealot x2, Probe  
  88  7:33  Zealot x2  
  92  7:38  Pylon  
  92  7:39  Pylon  
  92  7:40  Pylon  
  86  7:51  Zealot x2  
  86  7:52  Zealot  
  86  7:56  Zealot x4  
  86  7:57  Pylon  
  100  8:02  Probe x3  
  101  8:05  Pylon  
  95  8:15  Zealot x3  
  95  8:18  Gateway  
  101  8:21  Robotics Bay  
  101  8:25  Probe x3  
  101  8:26  Assimilator  
  104  8:29  Assimilator, Zealot  
  104  8:30  Zealot  
  107  8:37  Probe x2  
  107  8:38  Blink (Chrono Boost)  
  107  8:39  Probe  
  107  8:40  Observer  
  107  8:41  Protoss Ground Weapons Level 1 (Chrono Boost)  
  110  8:44  Pylon  
  110  8:45  Zealot x2  
  112  8:49  Probe  
  112  8:51  Probe  
  112  8:54  Probe  
  115  8:56  Assimilator  
  115  9:00  Assimilator  
  115  9:01  Shield Battery  
  115  9:02  Photon Cannon  
  115  9:07  Colossus (Chrono Boost)  
  121  9:23  Observer  
  121  9:27  Forge  
  119  9:39  Zealot x3  
  119  9:40  Zealot x4  
  119  9:44  Colossus (Chrono Boost)  
  139  9:56  Stalker  
  119  10:01  Zealot x3  
  119  10:02  Zealot x4  
  90  10:22  Stalker x3  
  90  10:23  Stalker  
  90  10:24  Zealot  
  96  10:41  Zealot  
  96  10:43  Zealot x2  
  76  10:50  Zealot x3  
Show
View Real Time Build Order
Export as new Build Order

Epic Terran - Winner!

Build Orders:  

Get SALT Encoding   

  12  0:00  SCV  
  13  0:12  SCV  
  14  0:17  Supply Depot  
  14  0:24  SCV  
  15  0:38  SCV  
  15  0:40  Barracks  
  16  0:43  Refinery  
  16  0:50  SCV  
  16  0:52  Refinery  
  17  1:02  SCV  
  18  1:05  Supply Depot  
  18  1:15  SCV  
  19  1:28  Orbital Command  
  20  1:37  Factory  
  19  1:41  Marine  
  20  1:53  SCV  
  21  1:59  Marine  
  22  2:06  SCV  
  23  2:18  SCV, Marine  
  23  2:21  Supply Depot, Factory Tech Lab  
  25  2:25  Armory  
  25  2:30  SCV  
  25  2:35  Starport  
  26  2:38  Marine  
  26  2:41  Widow Mine  
  26  2:43  SCV  
  30  2:50  Supply Depot  
  30  2:55  SCV  
  31  3:02  Widow Mine  
  33  3:11  Drilling Claws  
  33  3:12  Medivac  
  35  3:20  Barracks Reactor  
  35  3:24  Widow Mine  
  37  3:36  Command Center  
  37  3:38  SCV  
  38  3:42  Medivac  
  42  3:48  Widow Mine  
  42  3:52  Supply Depot  
  42  3:55  SCV  
  43  3:58  Marine  
  43  3:59  Marine  
  45  4:07  SCV  
  46  4:14  Widow Mine  
  46  4:15  Supply Depot  
  46  4:16  Medivac  
  50  4:20  SCV  
  50  4:23  Marine x2  
  53  4:34  SCV  
  53  4:35  Barracks  
  54  4:45  Widow Mine  
  52  4:46  SCV  
  52  4:50  Barracks  
  51  4:56  Orbital Command  
  51  5:04  SCV  
  48  5:08  Starport Tech Lab  
  48  5:11  Marine x2  
  50  5:16  SCV  
  50  5:19  Medivac, Factory Reactor  
  53  5:25  SCV  
  53  5:26  Engineering Bay  
  53  5:28  SCV  
  55  5:30  Marine x2  
  55  5:34  Refinery  
  57  5:38  Barracks Tech Lab, Marauder, Stimpack  
  57  5:39  SCV  
  57  5:41  SCV  
  61  5:49  Marine  
  61  5:50  Marine  
  61  5:53  SCV x2  
  61  5:56  Widow Mine x2  
  69  5:58  Medivac  
  69  6:00  Terran Infantry Weapons Level 1  
  69  6:01  Supply Depot  
  71  6:05  Marauder  
  71  6:07  SCV x2  
  71  6:10  Marauder  
  77  6:13  Marine  
  78  6:23  Marine, SCV x2  
  78  6:24  Supply Depot  
  81  6:34  Supply Depot x2  
  81  6:35  Factory Reactor  
  81  6:36  Marauder x2  
  81  6:37  SCV  
  81  6:39  SCV  
  87  6:42  Medivac  
  87  6:45  Combat Shield  
  89  6:52  Marine x2, Refinery  
  91  6:56  SCV x2  
  93  7:04  Marauder x2  
  91  7:10  Supply Depot  
  91  7:11  Medivac  
  91  7:12  Supply Depot  
  91  7:13  Medivac  
  95  7:17  Widow Mine  
  95  7:19  Widow Mine  
  95  7:20  Marine  
  95  7:21  Marine  
  95  7:22  Concussive Shells  
  95  7:32  Marauder x2  
  97  7:38  Widow Mine  
  97  7:40  Widow Mine  
  97  7:41  Marine  
  97  7:42  Marine  
  97  7:43  Viking  
  105  7:50  Medivac  
  106  7:52  Command Center  
  106  7:59  Widow Mine  
  106  8:01  Widow Mine  
  106  8:03  Marine x2, Supply Depot  
  112  8:08  Barracks  
  112  8:12  Terran Infantry Weapons Level 2  
  109  8:20  SCV x2  
  109  8:21  Marine  
  109  8:22  Marauder x2  
  109  8:23  Marine  
  109  8:24  Barracks  
  117  8:30  Widow Mine x2  
  121  8:36  Medivac  
  121  8:39  Missile Turret  
  123  8:43  Medivac  
  123  8:44  SCV x2  
  127  8:51  Marine x2, Marauder  
  127  8:52  Marauder  
  133  8:57  Supply Depot  
  133  8:59  Widow Mine  
  133  9:01  Widow Mine  
  137  9:03  Barracks Reactor  
  137  9:09  SCV x2  
  140  9:13  Orbital Command  
  140  9:15  Barracks Tech Lab  
  140  9:16  Marine  
  140  9:17  Marine  
  141  9:24  Medivac x2  
  141  9:31  Widow Mine x2  
  145  9:33  SCV x2  
  145  9:34  Marauder  
  149  9:39  Marine  
  149  9:40  Marauder, Marine x2  
  149  9:41  Marine  
  149  9:44  Supply Depot  
  155  9:46  Marauder  
  155  9:47  SCV  
  155  9:48  SCV  
  155  9:50  SCV  
  157  9:58  Marine  
  157  9:59  Marine, Marauder  
  117  10:08  SCV x2  
  112  10:15  Marauder  
  112  10:21  Viking  
  112  10:26  SCV x3  
  111  10:38  SCV x3  
Tags
 
Add a new tag
Caveats
  • Supply blocks, unpowered buildings, or Contaminate may cause inaccurate times.
  • Supply counts are checked every 10 seconds.